 Dungeon Crawl Stone Soup version 0.27.0 (webtiles) character file.

Game seed: 12496269558877069202

32 SnakkuSnakku7 the Vexing (level 3, -3/24 HPs)
             Began as a Merfolk Enchanter on July 31, 2021.
             Slain by a worm (9 damage)
             ... on level 2 of the Dungeon.
             The game lasted 00:03:26 (3176 turns).

SnakkuSnakku7 the Vexing (Merfolk Enchanter)        Turns: 3176, Time: 00:03:27

Health: -3/24      AC:  2    Str: 15    XL:     3   Next: 25%
Magic:  6/6        EV: 12    Int: 14    God:
Gold:   86         SH:  0    Dex: 14    Spells: 3/6 levels left

rFire    . . .     SeeInvis .   a - +0 great sword
rCold    . . .     Faith    .   (shield currently unavailable)
rNeg     . . .     Spirit   .   b - +0 robe
rPois    .         Reflect  .   (no helmet)
rElec    .         Harm     .   (no cloak)
rCorr    .         Rampage  .   (no gloves)
Will     .....                  (no boots)
Stlth    ++........             (no amulet)
HPRegen  0.08/turn              e - +6 ring of strength
MPRegen  0.10/turn              (no ring)

@: no status effects
A: (nimble swimmer 2), mertail
a: no special abilities


You were on level 2 of the Dungeon.
You visited 1 branch of the dungeon, and saw 2 of its levels.

You collected 86 gold pieces.

Inventory:

Hand Weapons
 a - a +0 great sword (weapon)
 d - a +1 dagger
Armour
 b - a +0 robe (worn)
Jewellery
 e - a +6 ring of strength (left hand)
Potions
 c - a potion of heal wounds {unknown}


   Skills:
 - Level 1.2(1.9) Short Blades
 + Level 2.0(2.1) Long Blades
 - Level 2.6 Dodging
 - Level 3.2 Stealth
 - Level 2.0 Spellcasting
 - Level 3.7 Hexes


You had 3 spell levels left.
You knew the following spells:

 Your Spells              Type           Power      Damage    Failure   Level
a - Corona                Hex            12%        N/A       5%          1
b - Ensorcelled Hibernat  Hex/Ice        12%        N/A       17%         2

Your spell library contained the following spells:

 Spells                   Type           Power      Damage    Failure   Level
 Confusing Touch          Hex            11%        N/A       16%         3
 Tukima's Dance           Hex            11%        N/A       16%         3
 Dazzling Flash           Conj/Hex       12%        N/A       32%         3
 Sublimation of Blood     Necr           0%         N/A       34%         2
 Wereblood                Tmut           1%         N/A       34%         2
 Summon Hydra             Summ           0%         N/A       100%        7


Dungeon Overview and Level Annotations

Branches:
Dungeon (2/15)

Altars:
Ashenzari


Innate Abilities, Weirdness & Mutations

((You are quick and stealthy near water. (Stealth+, EV+, Speed+++)))
Your lower body shifts to a powerful aquatic tail in water.


Message History

There is a stone staircase leading down here.
You start resting.
Magic restored.
You start resting.
HP restored.
There is a stone staircase leading down here.
You climb downwards.
There is a stone staircase leading up here.
You now have 86 gold pieces (gained 6).
A frilled lizard comes into view.
Found 9 gold pieces.
You closely miss the frilled lizard.
The frilled lizard hisses angrily.
The frilled lizard closely misses you.
You riposte.
You closely miss the frilled lizard. You completely miss the frilled lizard.
The frilled lizard bites you.
The frilled lizard bites you but does no damage.
You closely miss the frilled lizard. The frilled lizard barely misses you.
You riposte.
You hit the frilled lizard.
You kill the frilled lizard!
Your Long Blades skill increases to level 2!
You see here 13 gold pieces.
You barely miss the worm. The worm barely misses you.
You slash the worm!
The worm is severely wounded.
The worm closely misses you.
You barely miss the worm.
The worm is severely wounded.
The worm bites you!
You barely miss the worm.
The worm is heavily wounded.
The worm bites you!
* * * LOW HITPOINT WARNING * * *
You are too injured to fight recklessly!
You are too injured to fight recklessly!
You are too injured to fight recklessly!
You barely miss the worm.
The worm is heavily wounded.
The worm bites you!
You die...

#.# #.######## #.#......#
#.#......#
##.####.#......########
.......<..............#
##.##################.#######
#..w#..#....#.##.....
#...@..#.##.#.##.....
###.#.##.#..#.##.._..
....#$.........#....[
..$...........#..#.....
.........†#.......###...
#...#..#+#####..#.###...
........................
#.#+##.......##.#.###...
#.......##...# #.#.


You could see a worm.

Vanquished Creatures
  2 ball pythons (D:2)
  4 endoplasms
  4 hobgoblins (D:1)
  4 jackals
  6 kobolds
  2 quokkas (D:1)
  A bat (D:2)
  A frilled lizard (D:2)
  5 rats
29 creatures vanquished.

Notes
Turn   | Place    | Note
-------+----------+-------------------------------------------
     0 | D:1      | SnakkuSnakku7 the Merfolk Enchanter began the quest for the
                  | Orb.
     0 | D:1      | Reached XP level 1. HP: 13/13 MP: 3/3
   742 | D:1      | Reached XP level 2. HP: 6/19 MP: 5/5
  1017 | D:1      | Learned a level 2 spell: Ensorcelled Hibernation
  1768 | D:1      | Reached skill level 1 in Long Blades
  1885 | D:1      | You fall into a shaft and drop 1 floor!
  1885 | D:2      | Found a broken altar of Ashenzari.
  2321 | D:1      | Reached XP level 3. HP: 24/24 MP: 6/6
  3176 | D:2      | Slain by a worm

Illustrated notes

Levels and vault maps discovered:
D:1:      giann_horns, layout_basic, chequers_jeans
D:2:      layout_basic, basic_altar, grunt_ministairs_13, minmay_unequal

Skill      XL: |  1  2  3 |
---------------+----------+-----
Long Blades    | 1 2 |  2.0
Short Blades   | |  1.2
Dodging        | |  2.6
Stealth        | |  3.2
Spellcasting   | |  2.0
Hexes          | |  3.7

Action                   || total
-------------------------++-------
Melee: Dagger            ||    62
       Great sword       ||    52
 Cast: Corona            ||     2
       Ensorcelled Hiber ||     3
 Stab: Sleeping          ||     7
Armor: Robe              ||    29
Dodge: Dodged            ||    88
       Rpst.: Great sword ||    16
